Map: Central Protocol

Players

Solar - Winner!

  • Race: Zerg Zerg
  • League: Grandmaster

아마추어 (MC)

  • Race: Protoss Protoss
  • League: Grandmaster

Event: Root's WW3

VOD

Have the link to the VOD?

Description

Time

  • Played on: Dec. 12, 2015, 8:54 a.m.
  • Length: 6:47

All games in this series

Show
View Real Time Build Order
Export as new Build Order

Solar Zerg - Winner!

Build Orders: Hatch First 

Get SALT Encoding   

  12  0:01  Drone  
  13  0:12  Overlord  
  13  0:17  Drone  
  14  0:31  Drone x2  
  14  0:35  Drone  
  17  0:53  Hatchery  
  17  0:55  Drone  
  17  0:57  Drone  
  18  1:08  Extractor  
  18  1:09  Drone  
  18  1:15  Spawning Pool  
  17  1:19  Drone  
  18  1:29  Drone  
  19  1:39  Overlord  
  19  1:49  Drone  
  20  2:04  Queen x2  
  20  2:05  Drone  
  20  2:08  Metabolic Boost, Drone  
  26  2:11  Zergling x2  
  27  2:17  Zergling x2  
  28  2:23  Zergling x2  
  28  2:27  Drone  
  30  2:34  Drone  
  31  2:42  Drone  
  32  2:46  Hatchery, Overlord  
  32  2:48  Drone  
  32  2:54  Drone  
  33  2:59  Queen  
  33  3:04  Queen  
  37  3:07  Drone  
  37  3:11  Overlord  
  38  3:15  Zergling x2  
  38  3:16  Zergling x2  
  38  3:17  Zergling x2  
  41  3:21  Overlord  
  41  3:24  Zergling x2  
  42  3:28  Drone  
  42  3:29  Zergling x2  
  42  3:33  Zergling x4  
  46  3:38  Overlord  
  46  3:41  Queen  
  48  3:47  Zergling x2  
  49  3:52  Drone x2  
  49  3:59  Zergling x4  
  49  4:02  Zergling x2  
  52  4:08  Extractor  
  51  4:10  Drone  
  51  4:11  Drone x2  
  51  4:12  Overlord  
  51  4:13  Zergling x4  
  56  4:20  Drone  
  56  4:22  Roach Warren  
  56  4:24  Drone x4  
  60  4:28  Extractor  
  60  4:30  Drone  
  60  4:33  Overlord  
  60  4:39  Drone  
  60  4:46  Drone  
  61  4:56  Drone x3  
  63  5:03  Roach  
  63  5:04  Roach x6  
  74  5:07  Overlord  
  74  5:10  Roach  
  76  5:15  Zergling x6  
  76  5:17  Zergling x2  
  76  5:18  Overlord  
  79  5:24  Zergling x2  
  80  5:29  Zergling x4  
  80  5:33  Overlord, Ravager x4  
  86  5:38  Zergling x10  
  86  5:39  Zergling x2  
  86  5:41  Ravager  
  93  5:43  Overlord  
  93  5:47  Ravager  
  95  5:50  Zergling x8  
  97  5:57  Ravager  
  97  5:59  Zergling x2  
  97  6:00  Zergling x4  
  98  6:05  Roach  
  98  6:06  Roach x3  
  98  6:09  Roach  
  85  6:11  Roach  
  85  6:16  Zergling x2  
  85  6:17  Zergling x4  
  81  6:26  Zergling x6  
  81  6:28  Zergling x4  
  86  6:34  Ravager x2  
Show
View Real Time Build Order
Export as new Build Order

아마추어 Protoss 

Build Orders:  

Get SALT Encoding   

  12  0:00  Probe (Chrono Boost)  
  13  0:11  Probe (Chrono Boost)  
  14  0:19  Pylon  
  14  0:22  Probe (Chrono Boost)  
  15  0:37  Probe (Chrono Boost)  
  15  0:39  Gateway  
  16  0:48  Probe (Chrono Boost)  
  16  0:49  Assimilator  
  17  0:52  Assimilator  
  17  0:58  Probe (Chrono Boost)  
  18  1:09  Probe (Chrono Boost)  
  19  1:17  Pylon  
  19  1:19  Probe (Chrono Boost)  
  20  1:27  Cybernetics Core  
  20  1:31  Probe (Chrono Boost)  
  21  1:35  Zealot  
  23  1:41  Probe (Chrono Boost)  
  24  1:52  Probe (Chrono Boost)  
  24  1:54  Pylon  
  25  2:04  Stalker (Chrono Boost), Warp Gate (Chrono Boost)  
  27  2:17  Robotics Facility  
  27  2:31  Sentry (Chrono Boost)  
  29  2:44  Gateway  
  29  2:46  Gateway  
  29  2:52  Gateway  
  29  3:04  Warp Prism (Chrono Boost)  
  31  3:16  Pylon  
  31  3:19  Sentry  
  33  3:24  Mothership Core  
  35  3:34  Robotics Bay  
  35  3:38  Observer (Chrono Boost)  
  36  4:00  Immortal (Chrono Boost)  
  40  4:03  Pylon  
  40  4:21  Adept x4  
  48  4:34  Pylon  
  48  4:44  Disruptor (Chrono Boost)  
  51  4:54  Adept x2  
  53  5:06  Adept x2  
  55  5:16  Adept x2  
  59  5:22  Pylon  
  59  5:47  Adept x4  
  49  6:19  Adept x4  
Tags
 
Add a new tag
Caveats
  • Supply blocks, unpowered buildings, or Contaminate may cause inaccurate times.
  • Supply counts are checked every 10 seconds.